 Dungeon Sprint DCSS version 0.16-b1 (webtiles) character file.

9500000 Medar the Axe Maniac (level 27, -8/266 (273) HPs)
             Began as a Black Draconian Monk on Mar 10, 2015.
             Was the Champion of Makhleb.
             Killed by divine providence
             ... invoked by an accursed
              (13 damage)
             ... in the Dungeon (Sprint VIII: "Arena of Blood").
             The game lasted 00:04:41 (95 turns).

Medar the Axe Maniac (Black Draconian Monk)           Turns: 95, Time: 00:04:41

HP:   -8/266 (273)  AC: 13    Str: 16    XL:     27
MP:   18/49         EV: 37    Int: 12    God:    Makhleb [******]
Gold: 0             SH:  0    Dex: 23    Spells: 0 memorised, 80 levels left

rFire  . . .     SeeInvis .     a - +∞ Axe of Woe
rCold  . . .     Clarity  .     (armour unavailable)
rNeg   . . .     SustAb   .     (no shield)
rPois  .         Gourm    .     (helmet restricted)
rElec  +         Spirit   .     (no cloak)
rCorr  .         Warding  .     (no gloves)
rMut   .         NoTele   +     (no boots)
MR     ++...                    (no amulet)
Stlth  ++++++++..               (no ring)
                                (no ring)

@: marked, flying, rotting, drained, very resistant to hostile enchantments,
extraordinarily stealthy
A: breathe lightning, able to fly continuously, unfitting armour, big wings,
electricity resistance, cold-blooded, AC +13
a: Breathe Lightning, Stop Flying, Minor Destruction, Lesser Servant of Makhleb,
Major Destruction, Greater Servant of Makhleb, Renounce Religion


You were in the Dungeon.
You worshipped Makhleb.
Makhleb was exalted by your worship.
You were not hungry.

You visited 1 branch

Inventory:

Hand weapons
 a - the +∞ Axe of Woe (weapon)
   (You found it in the Dungeon)
Scrolls
 h - a scroll of blinking
Potions
 c - a potion of curing {@q1}
 d - a potion of heal wounds
 e - a potion of haste
 f - 2 potions of magic
 g - a potion of berserk rage {!q}
Comestibles
 b - a bread ration


   Skills:
 O Level 27(25.5) Fighting
 O Level 27(25.5) Axes
 O Level 27(25.5) Throwing
 O Level 27(25.5) Dodging
 O Level 27(25.5) Stealth
 O Level 27(25.5) Unarmed Combat
 O Level 27(25.5) Spellcasting
 O Level 27(25.5) Invocations


You had 80 spell levels left.
You didn't know any spells.

Dungeon Overview and Level Annotations

Branches:
Dungeon (1/1)

Altars:
Makhleb

Annotations:
D The Servant


Innate Abilities, Weirdness & Mutations

You can breathe wild blasts of lightning.
You can fly continuously.
Your glossy black scales are hard (AC +13).
Your body does not fit into most forms of armour.
Your wings are large and strong.
You are resistant to electric shocks.
Your cold-blooded metabolism reacts poorly to cold.


Message History

The bag of meat convulses! x7
The meat berserker convulses!
The bag of meat convulses!
The bag of meat convulses! x4
The meat berserker convulses!
The bag of meat convulses!
The bag of meat convulses!
Your body is wracked with pain!
* * * LOW HITPOINT WARNING * * *
The bag of meat convulses! x5
The tyrant waves its bony arms in wide circles.
The air twists around and violently strikes you in flight!
* * * LOW HITPOINT WARNING * * *
The tentacled monstrosity is engulfed in roaring flames.
The dread calls on the powers of darkness!
The bag of meat convulses! x6
Your body is wracked with pain!
* * * LOW HITPOINT WARNING * * *
The bag of meat convulses!
The eight-headed meat hydra convulses!
The bag of meat convulses! x5
The accursed points at you and mumbles some strange words.
Something smites you!
You die... ... ...... ..... .. #.... ..# oC. #.X{ ..# oOO###.o. ..###. ..oozOz.)###o.§o.. .#ooooo)o)o.X%WoL

.....§.#@)L.2# .
........#§X§o_# ...
#......)o§L§oX#......


..#o...ooooooXDLX.... ..Oo.oxOM###oLXo.... ...V###C22 Oo###.. ..o #oMo§ ..# .
#.XL....# ......... You could see 2 accurseds, 3 tentacled monstrosities, 3 meat
beasts, 6 tyrants, an eight-headed meat hydra, 2 sculptors of flesh, 2 large
bags of meat, 5 large abominations, a dread, 5 meat berserkers, a small
abomination and 30 bags of meat.

Vanquished Creatures
  Sigmund (D)
  5 greater mummies (D)
  15 hell beasts (D)
  3 hill giants (D)
  2 hydras (D)
  4 liches (D)
  27 ogres (D)
  61 orcs (D)
  7 skeletal warriors (D)
  13 vampire knights (D)
  4 wraiths (D)
  4 tentacled monstrosities (D)
  A reaper (D)
  19 large abominations (D)
  5 small abominations (D)
  A soul eater (D)
  12 crawling corpses (D)
184 creatures vanquished.

Vanquished Creatures (others)
  3 ogres (D)
  4 orcs (D)
  2 Executioners (D)
  A balrug (D)
  2 cacodemons (D)
  2 green deaths (D)
  5 crawling corpses (D)
19 creatures vanquished.

Grand Total: 203 creatures vanquished

Notes
Turn   | Place    | Note
--------------------------------------------------------------
     0 | D        | Medar, the Draconian Monk, began the quest for the Orb.
     0 | D        | Reached XP level 1. HP: 19/19 MP: 1/1
     3 | D        | Noticed a bag of meat
     4 | D        | Noticed a bag of meat
     4 | D        | Became a worshipper of Makhleb the Destroyer
     4 | D        | Acquired Makhleb's first power
     4 | D        | Acquired Makhleb's second power
     5 | D        | Noticed a bag of meat
     5 | D        | Noticed a meat berserker
     5 | D        | Noticed a bag of meat
     6 | D        | Noticed a bag of meat
     7 | D        | Noticed a meat berserker
     7 | D        | Killed a meat berserker
     7 | D        | Reached skill level 14 in Fighting
     7 | D        | Reached skill level 17 in Axes
     7 | D        | Reached XP level 2. HP: 23/46 MP: 1/10
     7 | D        | Reached XP level 3. HP: 26/52 MP: 1/13
     7 | D        | Reached XP level 4. HP: 30/60 MP: 1/16
     7 | D        | Reached XP level 5. HP: 33/67 MP: 1/18
     7 | D        | Reached XP level 6. HP: 36/74 MP: 1/20
     7 | D        | Your scales start taking on a glossy black colour.
     7 | D        | Gained mutation: You are resistant to electric shocks. [draconian maturity]
     7 | D        | Reached XP level 7. HP: 39/81 MP: 1/22
     7 | D        | Reached XP level 8. HP: 42/89 MP: 1/23
     7 | D        | Reached XP level 9. HP: 44/95 MP: 1/25
     7 | D        | Reached XP level 10. HP: 47/103 MP: 1/26
     7 | D        | Reached XP level 11. HP: 50/110 MP: 1/27
     7 | D        | Killed a meat berserker
     7 | D        | Reached skill level 15 in Fighting
     7 | D        | Reached skill level 19 in Axes
     7 | D        | Reached skill level 15 in Invocations
     7 | D        | Reached XP level 12. HP: 117/122 MP: 1/29
     8 | D        | Noticed a bag of meat
     8 | D        | Noticed a bag of meat
     8 | D        | Killed a bag of meat
     8 | D        | Acquired Makhleb's third power
     8 | D        | Reached skill level 20 in Axes
     8 | D        | Reached XP level 13. HP: 123/132 MP: 1/31
     9 | D        | Noticed a meat berserker
     9 | D        | Killed a bag of meat
     9 | D        | Reached skill level 22 in Axes
     9 | D        | Reached skill level 15 in Dodging
     9 | D        | Killed a bag of meat
     9 | D        | Acquired Makhleb's fourth power
     9 | D        | Reached skill level 23 in Axes
     9 | D        | Gained mutation: Your wings are large and strong. [draconian growth]
     9 | D        | Reached XP level 14. HP: 131/146 MP: 1/33
    10 | D        | Noticed a bag of meat
    10 | D        | Noticed a meat berserker
    10 | D        | Killed a bag of meat
    10 | D        | Reached skill level 24 in Axes
    11 | D        | Killed a meat berserker
    11 | D        | Reached skill level 25 in Axes
    11 | D        | Reached XP level 15. HP: 153/156 MP: 2/35
    12 | D        | Noticed a bag of meat
    12 | D        | Killed a bag of meat
    12 | D        | Acquired Makhleb's fifth power
    14 | D        | Noticed a meat berserker
    14 | D        | Noticed a meat berserker
    15 | D        | Killed a meat berserker
    15 | D        | Reached skill level 26 in Axes
    15 | D        | Killed a bag of meat
    15 | D        | Reached skill level 27 in Axes
    15 | D        | Killed a bag of meat
    15 | D        | Reached XP level 16. HP: 168/172 MP: 2/37
    15 | D        | Killed a bag of meat
    16 | D        | Killed a bag of meat
    17 | D        | Killed a meat berserker
    19 | D        | Killed a meat berserker
    19 | D        | Reached XP level 17. HP: 187/190 MP: 3/39
    21 | D        | Noticed a meat berserker
    23 | D        | Noticed a bag of meat
    24 | D        | Noticed a meat berserker
    24 | D        | Noticed a destroyer
    25 | D        | Noticed a meat berserker
    25 | D        | Noticed a bag of meat
    25 | D        | Noticed a bag of meat
    25 | D        | Noticed a meat berserker
    26 | D        | Killed a meat berserker
    26 | D        | Reached skill level 27 in Fighting
    26 | D        | Reached skill level 27 in Invocations
    27 | D        | Noticed a bag of meat
    27 | D        | Noticed a bag of meat
    27 | D        | Killed a meat berserker
    28 | D        | Noticed a bag of meat
    28 | D        | Noticed a meat berserker
    28 | D        | Noticed a large bag of meat
    28 | D        | Noticed a bag of meat
    28 | D        | Noticed a bag of meat
    28 | D        | Noticed a bag of meat
    28 | D        | Noticed a bag of meat
    29 | D        | Noticed a meat berserker
    29 | D        | Noticed a bag of meat
    29 | D        | Killed a meat berserker
    29 | D        | Reached skill level 27 in Dodging
    29 | D        | Killed a meat berserker
    29 | D        | Killed a bag of meat
    29 | D        | Reached skill level 10 in Stealth
    29 | D        | Reached XP level 18. HP: 200/200 MP: 3/40
    30 | D        | Noticed a bag of meat
    30 | D        | Noticed a bag of meat
    30 | D        | Killed a destroyer
    30 | D        | Killed a bag of meat
    30 | D        | Killed a meat berserker
    30 | D        | Reached skill level 15 in Stealth
    30 | D        | Reached skill level 15 in Unarmed Combat
    30 | D        | Killed a bag of meat
    31 | D        | Noticed a bag of meat
    31 | D        | Noticed a bag of meat
    31 | D        | Noticed a destroyer
    31 | D        | Killed a bag of meat
    31 | D        | Reached skill level 15 in Throwing
    31 | D        | Reached skill level 15 in Spellcasting
    31 | D        | Killed a bag of meat
    31 | D        | Reached XP level 19. HP: 207/207 MP: 3/41
    32 | D        | Noticed a sculptor of flesh
    32 | D        | Noticed a bag of meat
    32 | D        | Killed a bag of meat
    32 | D        | Noticed a bag of meat
    33 | D        | Noticed a bag of meat
    33 | D        | Noticed a bag of meat
    33 | D        | Killed a bag of meat
    33 | D        | Killed a bag of meat
    33 | D        | Killed a bag of meat
    33 | D        | Noticed a bag of meat
    34 | D        | Killed a meat berserker
    35 | D        | Noticed a sculptor of flesh
    35 | D        | Noticed a bag of meat
    35 | D        | Noticed a bag of meat
    35 | D        | Killed a large bag of meat
    35 | D        | Reached XP level 20. HP: 216/216 MP: 4/43
    36 | D        | Killed a bag of meat
    36 | D        | Killed a bag of meat
    37 | D        | Killed a destroyer
    37 | D        | Killed a bag of meat
    38 | D        | Noticed a large bag of meat
    38 | D        | Noticed a bag of meat
    38 | D        | Killed a bag of meat
    38 | D        | Killed a bag of meat
    39 | D        | Killed a bag of meat
    39 | D        | Reached XP level 21. HP: 224/224 MP: 5/45
    40 | D        | Noticed a destroyer
    40 | D        | Noticed a bag of meat
    40 | D        | Noticed a destroyer
    40 | D        | Killed a bag of meat
    41 | D        | Noticed a destroyer
    41 | D        | Killed a bag of meat
    41 | D        | Reached skill level 27 in Stealth
    41 | D        | Reached skill level 27 in Unarmed Combat
    41 | D        | Killed a large bag of meat
    41 | D        | Killed a bag of meat
    41 | D        | Reached skill level 27 in Throwing
    41 | D        | Reached skill level 27 in Spellcasting
    42 | D        | Noticed a bag of meat
    43 | D        | Noticed a bag of meat
    43 | D        | Killed a bag of meat
    43 | D        | Killed a bag of meat
    44 | D        | Noticed a sculptor of flesh
    44 | D        | Noticed a bag of meat
    44 | D        | Killed a sculptor of flesh
    44 | D        | Killed a bag of meat
    44 | D        | Reached XP level 22. HP: 233/233 MP: 6/47
    44 | D        | Killed a destroyer
    45 | D        | Noticed a destroyer
    46 | D        | Killed a bag of meat
    48 | D        | Killed a bag of meat
    48 | D        | Killed a bag of meat
    49 | D        | Killed a destroyer
    50 | D        | Noticed a destroyer
    50 | D        | Killed a bag of meat
    51 | D        | Noticed an accursed
    52 | D        | Killed a destroyer
    52 | D        | Killed a bag of meat
    53 | D        | Noticed a destroyer
    54 | D        | Noticed a meat berserker
    54 | D        | Killed a sculptor of flesh
    54 | D        | Reached XP level 23. HP: 217/240 MP: 8/48
    54 | D        | Killed a destroyer
    55 | D        | Noticed a bag of meat
    56 | D        | Noticed an accursed
    56 | D        | Killed a meat berserker
    57 | D        | Noticed a tyrant
    57 | D        | Noticed a meat berserker
    57 | D        | Noticed a bag of meat
    58 | D        | Noticed a bag of meat
    58 | D        | Killed a sculptor of flesh
    58 | D        | Killed a meat berserker
    58 | D        | Killed a bag of meat
    59 | D        | Killed a destroyer
    60 | D        | Noticed a meat berserker
    60 | D        | Noticed a tyrant
    60 | D        | Noticed a meat berserker
    61 | D        | Noticed an accursed
    61 | D        | Noticed a tyrant
    61 | D        | Noticed The Captor
    62 | D        | Noticed a large bag of meat
    62 | D        | Killed a destroyer
    64 | D        | Killed The Captor
    64 | D        | Killed an accursed
    64 | D        | Killed a meat berserker
    64 | D        | Reached XP level 24. HP: 249/249 MP: 11/48
    64 | D        | Killed an accursed
    65 | D        | Noticed a meat beast
    65 | D        | Noticed a meat beast
    65 | D        | Killed an accursed
    66 | D        | Noticed a tyrant
    67 | D        | Noticed a bag of meat
    67 | D        | Noticed an accursed
    67 | D        | Noticed a meat berserker
    68 | D        | Noticed a meat berserker
    68 | D        | Noticed an eight-headed meat hydra
    68 | D        | Noticed a meat beast
    68 | D        | Killed a tyrant
    69 | D        | Noticed a bag of meat
    69 | D        | Noticed a meat berserker
    69 | D        | Noticed a meat berserker
    69 | D        | Noticed a meat berserker
    69 | D        | Killed a tyrant
    69 | D        | Killed a bag of meat
    70 | D        | Noticed a sculptor of flesh
    70 | D        | Noticed a bag of meat
    70 | D        | Noticed a dread
    70 | D        | Killed a meat beast
    71 | D        | Noticed a sculptor of flesh
    71 | D        | Noticed a destroyer
    71 | D        | Noticed a meat beast
    71 | D        | Noticed a meat beast
    71 | D        | Noticed a meat beast
    71 | D        | Killed a meat beast
    72 | D        | Noticed a meat berserker
    72 | D        | Killed a meat beast
    72 | D        | Killed a meat berserker
    73 | D        | Noticed a bag of meat
    73 | D        | Noticed a meat berserker
    73 | D        | Noticed a bag of meat
    73 | D        | Noticed a meat berserker
    73 | D        | Killed a bag of meat
    74 | D        | Noticed a bag of meat
    74 | D        | Noticed a meat berserker
    74 | D        | Noticed a bag of meat
    74 | D        | Noticed a meat beast
    74 | D        | Noticed a meat beast
    74 | D        | Killed a destroyer
    74 | D        | Reached XP level 25. HP: 164/254 MP: 13/49
    74 | D        | Killed a meat berserker
    75 | D        | Noticed a bag of meat
    75 | D        | Noticed a bag of meat
    75 | D        | Noticed a meat berserker
    75 | D        | Noticed a meat beast
    75 | D        | Noticed a bag of meat
    75 | D        | Noticed a meat berserker
    75 | D        | Noticed an accursed
    75 | D        | Noticed a meat beast
    75 | D        | Killed a tyrant
    75 | D        | Killed a meat berserker
    75 | D        | Killed a meat berserker
    76 | D        | Noticed a bag of meat
    76 | D        | Noticed a bag of meat
    76 | D        | Noticed a bag of meat
    76 | D        | Noticed a bag of meat
    76 | D        | Killed an accursed
    76 | D        | Killed a meat berserker
    76 | D        | Killed a bag of meat
    76 | D        | Killed a meat berserker
    77 | D        | Noticed a bag of meat
    77 | D        | Noticed a bag of meat
    77 | D        | Noticed a bag of meat
    77 | D        | Noticed a meat berserker
    77 | D        | Noticed a bag of meat
    77 | D        | Noticed a bag of meat
    77 | D        | Noticed a bag of meat
    77 | D        | Noticed a large bag of meat
    77 | D        | Noticed a dread
    77 | D        | Noticed a meat berserker
    77 | D        | Noticed a meat beast
    77 | D        | Killed a tyrant
    77 | D        | Killed a meat beast
    77 | D        | Killed a meat beast
    77 | D        | Killed a meat beast
    78 | D        | Noticed a bag of meat
    78 | D        | Noticed a bag of meat
    78 | D        | Noticed a bag of meat
    78 | D        | Noticed a bag of meat
    78 | D        | Noticed a destroyer
    78 | D        | Killed a meat beast
    78 | D        | Killed an eight-headed meat hydra
    78 | D        | Killed a meat beast
    78 | D        | Killed a meat beast
    78 | D        | Reached XP level 26. HP: 263/263 MP: 14/49
    79 | D        | Noticed a destroyer
    79 | D        | Noticed a bag of meat
    79 | D        | Noticed a bag of meat
    79 | D        | Noticed an accursed
    79 | D        | Noticed a bag of meat
    79 | D        | Noticed a sculptor of flesh
    79 | D        | Noticed a sculptor of flesh
    79 | D        | Noticed a destroyer
    79 | D        | Noticed an eight-headed meat hydra
    79 | D        | Noticed a dread
    79 | D        | Killed a meat beast
    79 | D        | Killed a meat berserker
    79 | D        | Killed a meat berserker
    79 | D        | Killed a bag of meat
    80 | D        | Noticed a bag of meat
    80 | D        | Noticed a bag of meat
    80 | D        | Noticed a bag of meat
    80 | D        | Noticed a tyrant
    80 | D        | Noticed a bag of meat
    80 | D        | Noticed a meat beast
    80 | D        | Noticed a bag of meat
    80 | D        | Noticed a sculptor of flesh
    80 | D        | Noticed a bag of meat
    80 | D        | Noticed a meat beast
    80 | D        | Noticed a meat berserker
    80 | D        | Killed a meat beast
    80 | D        | Killed a meat berserker
    81 | D        | Noticed a bag of meat
    81 | D        | Noticed a tyrant
    81 | D        | Noticed a bag of meat
    81 | D        | Noticed a meat berserker
    81 | D        | Noticed a bag of meat
    81 | D        | Noticed a bag of meat
    81 | D        | Killed a meat berserker
    81 | D        | Killed a bag of meat
    81 | D        | Killed a bag of meat
    82 | D        | Noticed a bag of meat
    82 | D        | Noticed a sculptor of flesh
    82 | D        | Noticed a bag of meat
    82 | D        | Noticed a bag of meat
    82 | D        | Noticed a bag of meat
    82 | D        | Noticed a large bag of meat
    82 | D        | Killed a destroyer
    82 | D        | Killed an accursed
    82 | D        | Killed a meat berserker
    83 | D        | Noticed a bag of meat
    83 | D        | Noticed a bag of meat
    83 | D        | Noticed a bag of meat
    83 | D        | Noticed a bag of meat
    83 | D        | Noticed a tyrant
    83 | D        | Killed a large bag of meat
    83 | D        | Killed a meat berserker
    83 | D        | Killed a bag of meat
    83 | D        | Killed a bag of meat
    83 | D        | Killed a meat beast
    83 | D        | Killed a bag of meat
    83 | D        | Killed a bag of meat
    83 | D        | Killed a bag of meat
    84 | D        | Noticed a bag of meat
    84 | D        | Noticed a bag of meat
    84 | D        | Noticed a dread
    84 | D        | Noticed a meat beast
    84 | D        | Killed a bag of meat
    84 | D        | Killed a bag of meat
    85 | D        | Noticed a bag of meat
    85 | D        | Noticed a bag of meat
    85 | D        | Noticed a meat beast
    85 | D        | Noticed a meat berserker
    85 | D        | Noticed a bag of meat
    85 | D        | Noticed a bag of meat
    85 | D        | Noticed a bag of meat
    85 | D        | Noticed a meat beast
    85 | D        | Noticed an eight-headed meat hydra
    85 | D        | Noticed an accursed
    85 | D        | Noticed a tyrant
    85 | D        | Killed a destroyer
    85 | D        | Killed a sculptor of flesh
    85 | D        | Killed a destroyer
    85 | D        | Killed a bag of meat
    86 | D        | Noticed a bag of meat
    86 | D        | Noticed a meat berserker
    86 | D        | Noticed a destroyer
    86 | D        | Noticed a meat beast
    86 | D        | Noticed a dread
    86 | D        | Killed a sculptor of flesh
    86 | D        | Reached XP level 27. HP: 178/269 MP: 16/49
    86 | D        | Killed a bag of meat
    87 | D        | Noticed a large bag of meat
    87 | D        | Noticed a bag of meat
    87 | D        | Noticed a large bag of meat
    87 | D        | Killed a dread
    87 | D        | Killed a meat beast
    87 | D        | Killed a bag of meat
    87 | D        | Killed a bag of meat
    88 | D        | Noticed a bag of meat
    88 | D        | Killed a meat beast
    88 | D        | Killed a bag of meat
    88 | D        | Killed a meat berserker
    89 | D        | Noticed a bag of meat
    89 | D        | Noticed a bag of meat
    89 | D        | Noticed a bag of meat
    89 | D        | Killed a dread
    89 | D        | Killed a dread
    89 | D        | Killed a destroyer
    89 | D        | Killed a bag of meat
    90 | D        | Noticed a meat berserker
    90 | D        | Noticed a bag of meat
    90 | D        | Noticed a destroyer
    90 | D        | Killed a sculptor of flesh
    90 | D        | Killed a bag of meat
    90 | D        | Killed a meat berserker
    91 | D        | Noticed The Servant
    91 | D        | Killed a dread
    91 | D        | Killed a sculptor of flesh
    91 | D        | Killed a bag of meat
    92 | D        | Noticed a bag of meat
    92 | D        | Noticed a meat berserker
    92 | D        | Killed a meat berserker
    92 | D        | Killed a bag of meat
    92 | D        | Killed a bag of meat
    93 | D        | Noticed a tyrant
    93 | D        | Noticed a bag of meat
    93 | D        | Killed a bag of meat
    93 | D        | Killed a bag of meat
    94 | D        | Noticed a meat beast
    94 | D        | Noticed a bag of meat
    94 | D        | Noticed a tyrant
    94 | D        | Killed a meat beast
    94 | D        | Killed a bag of meat
    94 | D        | Killed a bag of meat
    95 | D        | Noticed a bag of meat
    95 | D        | Noticed a bag of meat
    95 | D        | Noticed a meat berserker
    95 | D        | Killed a nine-headed meat hydra
    95 | D        | Killed a bag of meat
    95 | D        | Killed a bag of meat
    95 | D        | HP: 7/266 [tyrant/the air (63)]
    95 | D        | Killed from afar by an accursed

Action                   |  1- 3 |  4- 6 |  7- 9 | 10-12 | 13-15 | 16-18 | 19-21 | 22-24 | 25-27 || total
-------------------------+-------+-------+-------+-------+-------+-------+-------+-------+-------++-------
Melee: Executioner's axe |     1 |       |       |     1 |     5 |     8 |    13 |    20 |    21 ||    69
Invok: Greater Servant o |       |       |       |       |       |     3 |       |     4 |       ||     7
 Abil: Fly               |       |       |       |       |       |     1 |       |       |       ||     1
 Stab: Distracted        |       |       |       |       |       |       |       |     2 |       ||     2
